 Dungeon Crawl Stone Soup version 0.21.0-3-g78d12a8 (webtiles) character file.

23 HungrySpirit the Magician (level 3, 0/19 HPs)
             Began as a Gargoyle Wanderer on Jan 10, 2018.
             Slain by an adder (2 damage)
             ... on level 2 of the Dungeon.
             The game lasted 00:03:31 (1291 turns).

HungrySpirit the Magician (Gargoyle Wanderer)       Turns: 1291, Time: 00:03:33

Health: 0/19       AC:  9    Str: 15    XL:     3   Next: 0%
Magic:  7/7        EV:  9    Int: 15    God:
Gold:   17         SH:  0    Dex:  7    Spells: 8/8 levels left

rFire    . . .     SeeInvis .   e - +0 club
rCold    . . .     Gourm    .   (no shield)
rNeg     + . .     Faith    .   c - +0 scale mail
rPois    ∞         Spirit   .   (no helmet)
rElec    +         Reflect  .   (no cloak)
rCorr    .         Harm     .   (no gloves)
MR       .....                  (no boots)
Stlth    ..........             (no amulet)
HPRegen  0.06/turn              (no ring)
MPRegen  0.10/turn              (no ring)

@: no status effects
A: negative energy resistance 1, electricity resistance, unbreathing,
petrification resistance, rot immunity, AC +3
a: no special abilities


You were on level 2 of the Dungeon.
You were hungry.

You visited 1 branch of the dungeon, and saw 2 of its levels.

You collected 17 gold pieces.

Inventory:

Hand Weapons
 e - a +0 club (weapon)
Armour
 c - a +0 scale mail (worn)
Jewellery
 j - an uncursed ring of flight {unknown}
Scrolls
 d - a scroll of fog {unknown}
 g - a scroll of identify {unknown}
 h - a scroll of remove curse {unknown}
 i - a scroll of magic mapping {unknown}
 k - a scroll of fear {unknown}
Books
 a - a book of Battle

   Spells                             Type                      Level
   a - Infusion                       Charms                       1
   b - Shroud of Golubria             Charms/Translocation         2
   c - Song of Slaying                Charms                       2
   d - Spectral Weapon                Hexes/Charms                 3
   e - Regeneration                   Charms/Necromancy            3
 b - Cediulak's Volume of the Escort

   Spells                             Type                      Level
   a - Summon Small Mammal            Summoning                    1
   b - Summon Guardian Golem          Hexes/Summoning              3
Comestibles
 f - 4 rations


   Skills:
 * Level 2.5 Maces & Flails
 - Level 1.0 Throwing
 - Level 1.1 Stealth
 - Level 3.0 Spellcasting
   Level 1.7 Charms
   Level 1.0 Summonings
   Level 2.4 Earth Magic


You had 8 spell levels left.
You didn't know any spells.

Dungeon Overview and Level Annotations

Branches:
Dungeon (2/15)

Altars:


Innate Abilities, Weirdness & Mutations

You are resistant to torment.
Your stone body is resilient. (AC +3)
You are immune to poison.
You resist negative energy. (rN+)
You are resistant to electric shocks. (rElec)
You can survive without breathing.
You are immune to petrification.
You are immune to rotting.


Message History

The adder completely misses you. The adder bites you but does no damage.
You hit the adder but do no damage.
The adder is heavily wounded.
The adder barely misses you.
You hit the adder.
The adder is severely wounded.
The adder bites you but does no damage. The adder barely misses you.
You miss the adder.
The adder is heavily wounded.
The adder barely misses you. The adder bites you but does no damage.
You miss the adder.
The adder is heavily wounded.
The adder bites you but does no damage.
You hit the adder but do no damage.
The adder is heavily wounded.
The adder bites you but does no damage. The adder completely misses you.
You miss the adder.
The adder is heavily wounded.
The adder bites you.
You die...

##.#.#.##.....#.# #.#
#.....#.....<..##.....
###.##...............
...##..#........[..
#.#####.###.....#... #
#.## ##....#..# #.#
##...#..##### ##
##.####.......
#....S@.# #...######
#..##... #.. ##### ...
.### #


You could see an adder.

Vanquished Creatures
  An ooze (D:2)
  A ball python (D:1)
  2 bats (D:1)
  4 goblins
  A hobgoblin (D:1)
  4 jackals (D:1)
  2 kobolds (D:1)
  A rat (D:1)
16 creatures vanquished.

Notes
Turn   | Place    | Note
-------+----------+-------------------------------------------
     0 | D:1      | HungrySpirit the Gargoyle Wanderer began the quest for the Orb.
     0 | D:1      | HungrySpirit set off with: a book of Battle, Cediulak's Volume of the Escort, a potion of lignification, a +0 robe, a +0 club, a ration
     0 | D:1      | Reached XP level 1. HP: 10/10 MP: 4/4
    98 | D:1      | Reached skill level 1 in Maces & Flails
   210 | D:1      | Identified Cediulak's Volume of the Escort
   497 | D:1      | Reached XP level 2. HP: 15/15 MP: 6/6
  1260 | D:2      | Reached XP level 3. HP: 9/19 MP: 7/7
  1291 | D:2      | Slain by an adder

Skill      XL: |  1  2 |
---------------+-------+-----
Maces & Flails | 1 2 |  2.5
Throwing       | |  1.0
Stealth        | |  1.1
Spellcasting   | |  3.0
Charms         | |  1.7
Summonings     | |  1.0
Earth Magic    | |  2.4

Action                   || total
-------------------------++-------
Melee: Club              ||   149
  Use: Potion            ||     1
  Eat: Chunk             ||     1
Armor: Robe              ||    30
       Scale mail        ||    54
       Skin              ||    18
Dodge: Dodged            ||    91
